 Dungeon Crawl Stone Soup version 0.23.2-40-g277498a001 (webtiles) character file.

Game seed: 14635098397645440888

116 DildoBatman the Conjurer (level 5, -4/35 HPs)
             Began as a Formicid Wizard on Sept 8, 2019.
             Killed from afar by an orc wizard (7 damage)
             ... with a magic dart
             ... on level 4 of the Dungeon.
             The game lasted 00:03:07 (876 turns).

DildoBatman the Conjurer (Formicid Wizard)           Turns: 876, Time: 00:03:08

Health: -4/35      AC:  2    Str: 12    XL:     5   Next: 21%
Magic:  5/9        EV: 12    Int: 18    God:
Gold:   41         SH:  0    Dex:  9    Spells: 3/10 levels left

rFire    . . .     SeeInvis +   a - +1 short sword (venom)
rCold    . . .     Gourm    .   (no shield)
rNeg     . . .     Faith    .   m - +0 robe
rPois    .         Spirit   .   (helmet unavailable)
rElec    .         Reflect  .   (no cloak)
rCorr    .         Harm     .   (no gloves)
MR       .....                  (no boots)
Stlth    ++........             (no amulet)
HPRegen  0.11/turn              (no ring)
MPRegen  0.11/turn              (no ring)

@: no status effects
A: permanent stasis, dig shafts and tunnels, four strong arms, antennae 3
a: Dig, Shaft Self


You were on level 4 of the Dungeon.
You were not hungry.

You visited 1 branch of the dungeon, and saw 3 of its levels.

You collected 41 gold pieces.

Inventory:

Hand Weapons
 a - a +1 short sword of venom (weapon)
 b - a +1 dagger of draining
Missiles
 f - 66 stones (quivered)
 i - 20 arrows
 k - 20 sling bullets
 l - a throwing net
Armour
 m - a +0 robe (worn)
Jewellery
 d - an uncursed ring of flight
Scrolls
 c - a scroll of remove curse {unknown}
 g - a scroll of identify {unknown}
 h - 2 scrolls of teleportation {unknown}
 o - a scroll of blinking {unknown}
Potions
 e - a potion of ambrosia {unknown}
 j - 2 potions of mutation {unknown}
Comestibles
 n - 6 chunks of flesh
 v - 2 rations


   Skills:
 - Level 1.7 Dodging
 - Level 2.4 Stealth
 - Level 3.2 Spellcasting
 * Level 4.2 Conjurations
   Level 1.0 Summonings
   Level 0.8 Translocations


You had 3 spell levels left.
You knew the following spells:

 Your Spells              Type           Power        Failure   Level  Hunger
a - Conjure Flame         Conj/Fire      ##......     21%         3    ###....
c - Magic Dart            Conj           ###.         2%          1    None
e - Mephitic Cloud        Conj/Pois/Air  #.......     26%         3    ###....

Your spell library contained the following spells:

 Spells                   Type           Power        Failure   Level  Hunger
 Call Imp                 Summ           #.......     16%         2    ##.....
 Slow                     Hex            #.......     24%         2    ##.....
 Blink                    Tloc           Unusable     N/A         2    N/A

Dungeon Overview and Level Annotations

Branches:
Dungeon (2/15)

Altars:

Annotations:
D:2 Sigmund


Innate Abilities, Weirdness & Mutations

You cannot be hasted, slowed, berserked, paralysed or teleported.
You can dig through walls and to a lower floor.
Your four strong arms can wield two-handed weapons with a shield.
You have a pair of large antennae on your head. (SInv)


Message History

What are your orders? t - Shout!
Orders for allies: a - Attack new target. r - Retreat! s - Stop attacking. g - Guard the area. f - Follow me.
Anything else - Cancel.
You shout for attention!
The orc wizard gestures wildly while chanting.
The orc wizard seems to speed up.
The orc misses you. What are your orders? t - Shout!
Orders for allies: a - Attack new target. r - Retreat! s - Stop attacking. g - Guard the area. f - Follow me.
Anything else - Cancel.
You shout for attention!
The orc wizard points at you and mumbles some strange words.
The magic dart hits you!
You die...

#...... #......o..
#...?.....##
#.........^#
.>..... $..##
#.....o ...
#...o###.#
...###@##.######..
......oow...!......
##########......#..
{ #...รท.....#...
............#.## .
(...#.####......
... #. #######.. .
# #


You could see an orc wizard, a dart slug and 3 orcs.

Vanquished Creatures
  A black bear (D:4)
  An adder (D:2)
  A worm (D:1)
  A dart slug (D:1)
  An orc (D:4)
  5 goblins
  2 bats
  4 kobolds
  4 rats
20 creatures vanquished.

Notes
Turn   | Place    | Note
-------+----------+-------------------------------------------
     0 | D:1      | DildoBatman the Formicid Wizard began the quest for the
                  | Orb.
     0 | D:1      | Reached XP level 1. HP: 13/13 MP: 4/4
    20 | D:1      | Reached skill level 1 in Conjurations
   230 | D:1      | Reached XP level 2. HP: 19/19 MP: 0/6
   349 | D:1      | Reached skill level 2 in Conjurations
   688 | D:2      | Noticed Sigmund
   692 | D:2      | Reached XP level 3. HP: 12/24 MP: 4/7
   697 | D:2      | Learned a level 3 spell: Conjure Flame
   701 | D:2      | Learned a level 3 spell: Mephitic Cloud
   828 | D:2      | You fall through a shaft for 2 floors!
   862 | D:4      | Noticed a black bear
   869 | D:4      | Killed a black bear
   869 | D:4      | Reached skill level 4 in Conjurations
   869 | D:4      | Reached XP level 4. HP: 13/30 MP: 4/8
   869 | D:4      | Reached XP level 5. HP: 16/35 MP: 4/9
   876 | D:4      | Killed from afar by an orc wizard

Skill      XL: |  1  2  3 |
---------------+----------+-----
Conjurations   | 1 2 4 |  4.2
Dodging        | |  1.7
Stealth        | |  2.4
Spellcasting   | |  3.2
Summonings     | |  1.0
Translocations | |  0.8

Action                   |  1- 3 |  4- 6 || total
-------------------------+-------+-------++-------
Melee: Club              |    10 |       ||    10
       Dagger            |     4 |       ||     4
       Short sword       |     4 |       ||     4
Throw: Stone             |     5 |       ||     5
 Cast: Magic Dart        |    38 |       ||    38
       Mephitic Cloud    |     1 |       ||     1
 Abil: Dig               |       |     1 ||     1
Armor: Robe              |     6 |       ||     6
Dodge: Dodged            |    21 |     3 ||    24
